 Dungeon Crawl Stone Soup version 0.26.0-10-g1f06aea511 (webtiles) character file.

Game seed: 15437251093374750709

55773 Goblin1989 the Protected (level 14, -6/113 HPs)
             Began as a Demonspawn Delver on Jan 31, 2021.
             Was an Initiate of Gozag.
             Shot with an arrow by a centaur (11 damage)
             ... on level 2 of the Orcish Mines on Feb 1, 2021.
             The game lasted 01:12:46 (31013 turns).

Goblin1989 the Protected (Demonspawn Delver)       Turns: 31013, Time: 01:12:47

Health: -6/113     AC: 20    Str: 16    XL:     14   Next: 39%
Magic:  14/14      EV: 21    Int: 12    God:    Gozag
Gold:   2119       SH: 14    Dex: 16    Spells: 13/13 levels left

rFire    + . .     SeeInvis .   b - +8 eveningstar (freeze)
rCold    + . .     Faith    .   m - +0 tower shield
rNeg     . . .     Spirit   .   d - +0 plate armour (curse)
rPois    .         Reflect  .   (helmet restricted)
rElec    .         Harm     .   v - +0 cloak
rCorr    .         Rampage  .   z - +0 pair of gloves
Will     ++...                  (no boots)
Stlth    ..........             S - amulet of the acrobat
HPRegen  0.28/turn              k - ring of willpower
MPRegen  0.14/turn              c - ring of protection from cold

@: acrobat, studying Armour
A: horns 2, slimy green scales 1, demonic guardian 1, fire resistance 1, flame
cloud immunity
a: Renounce Religion, Potion Petition, Call Merchant, Bribe Branch


You were on level 2 of the Orcish Mines.
You worshipped Gozag.
Gozag was most pleased with you.
You visited 4 branches of the dungeon, and saw 22 of its levels.
You also visited: Sewer and Ice Cave.

You collected 5497 gold pieces.
You spent 2489 gold pieces at shops.
You paid 889 gold pieces to Gozag.

Inventory:

Hand Weapons
 a - the +10 hunting sling "Elaots" {freeze, Int+2 SInv}
   (You bought it in a shop on level 5 of the Lair of Beasts)

   It causes projectiles fired from it to freeze those they strike, causing
   extra injury to most foes and up to half again as much damage against
   particularly susceptible opponents.
   They can also slow down cold-blooded creatures.
   It affects your intelligence (+2).
   It lets you see invisible.
 b - a +8 eveningstar of freezing (weapon)
 j - a +0 whip of electrocution
 G - the +6 war axe of Terror {elec, rElec}
   (You found it on level 4 of the Lair of Beasts)

   Occasionally, upon striking a foe, it can discharge electrical energy and
   cause terrible harm.
   It insulates you from electricity.
Missiles
 p - 8 curare-tipped darts
 D - 72 sling bullets
 H - 17 poisoned darts
 N - 3 javelins {@Q2}
 V - 350 stones {@Q3}
 Y - 26 boomerangs (quivered)
 Z - 5 throwing nets {!d , @Q1}
Armour
 d - a cursed +0 plate armour (worn)
 m - a +0 tower shield (worn)
 v - a +0 cloak (worn)
 z - a +0 pair of gloves (worn)
 C - +1 fire dragon scales
Jewellery
 c - a ring of protection from cold (right hand)
 k - a ring of willpower (left hand)
 l - an uncursed ring of flight
 s - an uncursed ring of see invisible
 y - an uncursed ring of willpower
 S - an amulet of the acrobat (around neck)
Wands
 w - a wand of enslavement (22)
 x - a wand of paralysis (17) {@v7}
 I - a wand of iceblast (1) {@v4}
 K - a wand of flame (39) {@v6}
Scrolls
 n - a scroll of silence
 q - 2 scrolls of summoning
 A - a scroll of fear
 B - 5 scrolls of blinking
 F - a scroll of vulnerability
 M - 5 scrolls of magic mapping
 O - 13 scrolls of remove curse {@r3}
 Q - 5 scrolls of fog
 R - 6 scrolls of identify {@r1}
 T - 4 scrolls of teleportation {!r, @r2}
 U - 3 scrolls of immolation
 W - 5 scrolls of amnesia
 X - 2 scrolls of enchant armour
Potions
 e - 2 potions of magic
 f - 7 potions of haste {@q3,}
 h - 3 potions of brilliance
 i - a potion of berserk rage
 o - a potion of lignification
 r - 3 potions of might {@q4}
 u - a potion of curing {@q1}
 E - a potion of cancellation
 J - a potion of flight
 L - 5 potions of mutation {!q}
 P - 7 potions of attraction
Books
 t - a manual of Armour


   Skills:
 + Level 11.1 Fighting
 * Level 12.6 Maces & Flails
 * Level 5.3(6.2) Slings
 - Level 5.0(6.1) Throwing
 + Level 12.6 Armour
 - Level 10.0 Dodging
 - Level 4.5 Stealth
 + Level 4.8 Shields
 - Level 6.2 Evocations


You had 13 spell levels left.
You didn't know any spells.
Your spell library contained the following spells:

 Spells                   Type           Power        Failure   Level
 Freeze                   Ice            0%           100%        1
 Magic Dart               Conj           0%           100%        1
 Sting                    Tmut/Pois      0%           100%        1
 Blink                    Tloc           N/A          100%        2
 Call Imp                 Summ           0%           100%        2
 Poisonous Vapours        Pois/Air       0%           100%        2
 Slow                     Hex            0%           100%        2
 Conjure Flame            Conj/Fire      0%           100%        3
 Frozen Ramparts          Ice            0%           100%        3
 Ignite Poison            Fire/Tmut/Pois 0%           100%        3
 Mephitic Cloud           Conj/Pois/Air  0%           100%        3
 Ozocubu's Armour         Ice            0%           100%        3
 Hailstorm                Conj/Ice       0%           100%        4
 Olgreb's Toxic Radiance  Pois           0%           100%        4
 Summon Ice Beast         Ice/Summ       0%           100%        4


Dungeon Overview and Level Annotations

Branches:
Dungeon (13/15)            Temple (1/1) D:4            Lair (6/6) D:9
 Shoals (0/4) Lair:4        Snake (0/4) Lair:3        Slime (0/5) Lair:6
    Orc (2/2) D:10            Elf (0/3) Orc:2        Vaults (0/5) D:13
  Sewer (visited)           IceCv (visited)

Altars:
Ashenzari
Cheibriados
Dithmenos
Elyvilon
Fedhas
Gozag
Hepliaklqana
Kikubaaqudgha
Makhleb
Nemelex Xobeh
Okawaru
Qazlal
Ru
Sif Muna
Trog
Uskayaw
Vehumet
Wu Jian
Xom
Yredelemnul
Zin
The Shining One
Jiyva

Shops:
Lair:5 (

Annotations:
D:12 exclusions: ice statue and orange crystal statue
D:13 Nessos; Rupert
Lair:5 2 runed translucent doors, Vig Uhad's ghost, journeyman OpTm
Lair:6 Snorg


Innate Abilities, Weirdness & Mutations

You have a pair of horns on your head.
You are partially covered in slimy green scales. (AC +2)
A weak demonic guardian rushes to your aid.
Your flesh is heat resistant. (rF+)
You are immune to clouds of flame.


Message History

The orc knight roars a battlecry!
The orc knight goes into a battle-frenzy!
The orc knight unwields a +0 arbalest.
The orc knight wields a +0 great mace.
The orc knight barely misses you.
You sock the orc knight! You freeze the orc knight.
The orc knight is moderately wounded.
The orc knight hits you from afar with a +0 glaive!
You take 8 damage, and have 87/113 hp.
You hit the orc knight. You freeze the orc knight.
The orc knight is moderately wounded.
Your shadow imp hits the orc knight.
The orc knight hits you from afar with a +0 glaive!
You take 15 damage, and have 72/113 hp.
The orc warrior barely misses you.
The orc knight hits you with a +0 great mace!!
* * * LOW HITPOINT WARNING * * *
Your shadow imp hits the orc knight.
You take 25 damage, and have 47/113 hp.
MASSIVE DAMAGE!!
You block the orc knight's attack. x2
Your shadow imp closely misses the orc knight.
The orc warrior unwields a +0 broad axe.
The orc warrior wields a +0 arbalest.
The orc warrior shoots a bolt.
You block the bolt.
Your shadow imp hits the orc knight.
The orc knight hits your shadow imp with a +0 great mace!!!
Your shadow imp dies!
The orc knight shouts!
You see here a bolt.
Really read
T - 5 scrolls of teleportation {!r, @r2}?
As you read the scroll of teleportation {!r, @r2}, it crumbles to dust.
You feel strangely unstable.
Evoke which item? (* to show all) (? for menu, Esc to quit)
Aiming: Paralyse
Press: ? - help, Shift-Dir - straight line, f - orc knight
Aim: an orc knight, wielding a +0 great mace and quivering 18 bolts (heavily wounded, strong, chance to affect: 48%)
The orc knight resists with some effort.
You closely miss the orc warrior. You closely miss the orc warrior.
You headbutt the orc warrior.
The orc warrior is moderately wounded.
The orc warrior unwields a +0 arbalest.
The orc warrior wields a +0 broad axe.
You block the orc warrior's attack.
The orc knight hits you with a +0 great mace!!
* * * LOW HITPOINT WARNING * * *
You block the orc knight's attack.
You take 29 damage, and have 20/113 hp.
MASSIVE DAMAGE!!
The orc knight unwields a +0 great mace.
The orc knight wields a +0 arbalest.
The orc knight shoots a bolt.
The bolt misses you.
The orc warrior unwields a +0 broad axe.
The orc warrior wields a +0 arbalest.
The orc warrior shoots a bolt.
You block the bolt.
You see here 2 bolts.
Evoke which item? (* to show all) (? for menu, Esc to quit)
That's the wrong kind of item! (Use * to select it.) Evoke which item? (* to show all) (? for menu, Esc to quit)
Okay, then.
Evoke which item? (* to show all) (? for menu, Esc to quit)
Aiming: Iceblast
Press: ? - help, Shift-Dir - straight line, f/p - orc knight
Aim: an orc knight, wielding a +0 arbalest and quivering 17 bolts (heavily wounded, strong)
The mass of ice explodes!
The iceblast engulfs the orc knight!
The orc knight is severely wounded.
The iceblast engulfs the orc knight!!
The orc knight is heavily wounded.
The iceblast engulfs the orc warrior!!
The orc warrior is almost dead.
Your surroundings suddenly seem different.
An orc warrior comes into view.
It is wielding a +2 flail of holy wrath.
The orc warrior shouts!
An orc comes into view. It is wielding a +0 trident.
The orc shouts!
An orc warrior comes into view. It is wielding a +0 halberd.
The orc warrior shouts!
An orc comes into view. It is wielding a +4 hand axe.
The orc shouts!
You hear a shout!
The orc unwields a +0 trident.
The orc wields a +0 arbalest.
The orc shoots a bolt.
You block the bolt.
The orc unwields a +4 hand axe.
The orc wields a +0 arbalest.
The orc shoots a bolt.
You block the bolt.
The orc unwields an uncursed trident.
The orc wields an arbalest.
The orc shoots a bolt.
The bolt hits you but does no damage.
The orc warrior hits you from afar with a trident!
* * * LOW HITPOINT WARNING * * *
The orc warrior moves out of view.
You hear a shout! x2
An orc and an orc warrior come into view.
You take 15 damage, and have 5/113 hp.
Unknown command.
Press: ? - help, v - describe, . - travel The floor.
Placed new exclusion.
Reduced exclusion size to a single square.
Removed exclusion.
Blink to where?
Press: ? - help, Dir - move target
As you read the scroll of blinking, it crumbles to dust.
An orc warrior comes into view. It is wielding a +0 halberd.
The orc warrior shouts!
You hear a shout!
The orc moves out of view.
The orc warrior moves out of view.
The centaur shoots an arrow.
The arrow hits you!
You die...
Your body crumbles into a pile of gold.

........................·········
..........c.............·········
(.(.....................·········
.(......................·········
███████c................·········
███ ██...o..).........·········
█.████ ██..))...........·········
(....█ █....)..........·········
█.o..█ █(......@.......·········
██oo.█ ██(......███████.·········
█...████.......███████▓▓·········
o..████(.....o.███...██▓·········
██████($.......██.....█▓·········
.....$(........██..[..█▓·········
....$$.........██.....█▓·········
...$..........o███...██▓·········
.██.o██...§....██...██▓▓·········


You could see 2 orc warriors and a centaur.

Vanquished Creatures
  Gastronok (Lair:1)
  A frost giant (IceCv)
  A boulder beetle (D:12)
  Harold (D:7)
  An ice dragon (Orc:2)
  4 hydras
  Erica (Lair:1)
  A centaur warrior (Orc:2)
  4 two-headed ogres
  7 death yaks
  2 unseen horrors
  An orc knight (Orc:2)
  An orc sorcerer (Orc:1)
  2 black mambas
  A cyclops (Orc:2)
  An ice statue (IceCv)
  A centaur zombie (D:10)
  A merfolk siren (Lair:4)
  A torpor snail (Lair:6)
  A gargoyle (D:12)
  10 cane toads
  5 komodo dragons
  5 trolls
  3 slime creatures (D:12)
  A hornet (D:10)
  16 polar bears
  14 blink frogs
  7 dream sheep
  3 wyverns
  54 yaks
  3 basilisks
  Grum (Lair:1)
  A wraith (D:10)
  A warg (Orc:2)
  A naga (Lair:3)
  12 water moccasins
  7 orc warriors
  A black bear (D:4)
  3 ice beasts
  2 phantoms (D:4)
  2 necrophages
  4 sky beasts
  32 wolves
  10 ogres
  5 centaurs
  A big kobold (D:7)
  17 bullfrogs
  2 jellies
  10 killer bees
  11 scorpions
  4 wights (D:11)
  3 howler monkeys
  5 hounds
  A centaur skeleton (D:7)
  A quasit (D:12)
  9 orc priests
  A gnoll shaman (D:4)
  13 orc wizards
  2 bullfrog skeletons
  4 worker ants
  2 iguanas
  7 hell rats
  2 hound skeletons
  A howler monkey skeleton (D:6)
  A worker ant zombie (D:8)
  17 gnolls
  11 river rats (Lair:1)
  24 adders
  4 shadow imps
  A white imp (D:6)
  An ooze (D:2)
  An adder zombie (D:6)
  An adder skeleton (D:4)
  6 worms
  5 dart slugs
  9 leopard geckos
  45 orcs
  7 bats
  11 giant cockroaches
  12 goblins
  7 hobgoblins
  16 jackals
  10 kobolds
  6 quokkas
  3 ball pythons
  11 frilled lizards
  2 jackal skeletons
  A leopard gecko skeleton (D:4)
  A quokka zombie (D:5)
  13 rats
559 creatures vanquished.

Vanquished Creatures (collateral kills)
  A hydra (Lair:5)
  A cyclops (D:12)
  2 cane toads (Lair:2)
  A komodo dragon (Lair:4)
  6 dream sheep
  5 yaks
  A naga (Lair:3)
  A water moccasin (Lair:4)
  2 wolves
  2 bullfrogs
  3 orcs
25 creatures vanquished.

Vanquished Creatures (others)
  A bat (D:1)
  47 fungi
  34 plants
82 creatures vanquished.

Grand Total: 666 creatures vanquished

Notes
Turn   | Place    | Note
-------+----------+-------------------------------------------
     0 | D:5      | Goblin1989 the Demonspawn Delver began the quest for the
                  | Orb.
     0 | D:5      | Reached XP level 1. HP: 18/18 MP: 1/1
    31 | D:5      | Gained mutation: You have a pair of small horns on your
                  | head. [demonic ancestry]
    31 | D:5      | Reached XP level 2. HP: 19/24 MP: 2/2
   610 | D:3      | Reached XP level 3. HP: 16/29 MP: 3/3
  1722 | D:1      | Reached XP level 4. HP: 35/35 MP: 4/4
  2947 | D:2      | Reached XP level 5. HP: 36/41 MP: 5/5
  4022 | D:3      | Reached skill level 5 in Maces & Flails
  4842 | D:4      | Noticed a black bear
  4908 | D:5      | Reached skill level 1 in Armour
  5180 | D:5      | Reached XP level 6. HP: 37/47 MP: 6/6
  5558 | D:5      | Reached skill level 1 in Throwing
  5670 | D:5      | Gained mutation: You have a pair of horns on your head.
                  | [demonic ancestry]
  5670 | D:5      | Reached XP level 7. HP: 53/53 MP: 7/7
  6342 | D:6      | Found a stormy altar of Qazlal.
  6515 | D:6      | Found a glowing drain.
  6687 | Sewer    | Entered a sewer
  7681 | D:4      | Gained mutation: You are partially covered in slimy green
                  | scales. (AC +2) [demonic ancestry]
  7681 | D:4      | Reached XP level 8. HP: 60/60 MP: 8/8
  8635 | D:4      | Found a staircase to the Ecumenical Temple.
  8639 | Temple   | Entered the Ecumenical Temple
  8702 | Temple   | Became a worshipper of Gozag Ym Sagoz the Greedy
  9056 | D:6      | Noticed an air elemental
  9357 | D:7      | Reached skill level 5 in Fighting
  9375 | D:7      | Got a faintly glowing robe
  9397 | D:6      | Identified the +0 robe of Dotol {rF+} (You found it on
                  | level 7 of the Dungeon)
  9616 | D:7      | Noticed Harold
  9629 | D:7      | Killed Harold
  9630 | D:7      | Reached XP level 9. HP: 57/68 MP: 9/9
 10151 | D:7      | Reached skill level 5 in Dodging
 10821 | D:7      | Found Foukkire's Magic Scroll Shoppe.
 10829 | D:7      | Bought a scroll of acquirement for 624 gold pieces
 10829 | D:7      | Bought a scroll of random uselessness for 12 gold pieces
 10829 | D:7      | Acquired a manual of Armour
 11176 | D:8      | Reached skill level 5 in Armour
 11508 | D:8      | Noticed a two-headed ogre
 11561 | D:8      | Killed a two-headed ogre
 11562 | D:8      | Gained mutation: A weak demonic guardian rushes to your
                  | aid. [demonic ancestry]
 11562 | D:8      | Reached XP level 10. HP: 23/77 MP: 10/10
 12917 | D:9      | Got a shimmering ring mail
 12987 | D:9      | Found a staircase to the Lair.
 13602 | D:10     | Entered Level 10 of the Dungeon
 13644 | D:10     | Noticed an unseen horror
 13648 | D:10     | Killed an unseen horror
 14019 | D:10     | Paralysed by a hornet for 3 turns
 14029 | D:10     | Reached skill level 10 in Maces & Flails
 14043 | D:10     | Found a staircase to the Orcish Mines.
 14536 | D:10     | Noticed a two-headed ogre
 14544 | D:10     | Killed a two-headed ogre
 14545 | D:10     | Gained mutation: Your flesh is heat resistant. (rF+)
                  | [demonic ancestry]
 14545 | D:10     | Reached XP level 11. HP: 58/84 MP: 11/11
 14805 | Lair:1   | Entered Level 1 of the Lair of Beasts
 14818 | D:9      | Identified the cursed +1 ring mail "Socho" {rElec} (You
                  | found it on level 9 of the Dungeon)
 14832 | Lair:1   | Noticed Grum
 14856 | Lair:1   | Killed Grum
 15194 | Lair:1   | Reached skill level 5 in Throwing
 15497 | Lair:1   | Noticed an eight-headed hydra
 15503 | Lair:1   | Noticed Erica
 15532 | Lair:1   | Killed an eight-headed hydra
 15538 | Lair:1   | Killed Erica
 15796 | Lair:1   | Noticed Gastronok
 16219 | Lair:1   | Killed Gastronok
 16220 | Lair:1   | Reached skill level 1 in Evocations
 16391 | Lair:1   | Noticed a seven-headed hydra
 16428 | Lair:1   | Killed a seven-headed hydra
 18044 | Lair:2   | Reached XP level 12. HP: 84/94 MP: 12/12
 18325 | Lair:2   | Found a shadowy altar of Dithmenos.
 18769 | Lair:3   | Found a staircase to the Snake Pit.
 19600 | D:7      | Bought a scroll of immolation for 42 gold pieces
 19600 | D:7      | Bought a scroll of amnesia for 42 gold pieces
 19600 | D:7      | Bought a scroll of enchant weapon for 90 gold pieces
 19600 | D:7      | Bought a scroll of brand weapon for 240 gold pieces
 19600 | D:7      | Bought a scroll of blinking for 90 gold pieces
 19600 | D:7      | Bought a scroll of identify for 24 gold pieces
 19600 | D:7      | Bought a scroll of holy word for 90 gold pieces
 19600 | D:7      | Bought a scroll of identify for 24 gold pieces
 19600 | D:7      | Bought a scroll of remove curse for 36 gold pieces
 19600 | D:7      | Bought a scroll of enchant weapon for 90 gold pieces
 19600 | D:7      | Bought 2 scrolls of summoning for 228 gold pieces
 20080 | Lair:4   | Found a staircase to the Shoals.
 20143 | Lair:4   | Noticed a six-headed hydra
 20164 | Lair:4   | Killed a six-headed hydra
 20285 | Lair:4   | Reached skill level 10 in Armour
 20310 | Lair:4   | Got an iridescent war axe
 20488 | Lair:3   | Identified the +6 war axe of Terror {elec, rElec} (You
                  | found it on level 4 of the Lair of Beasts)
 21955 | Lair:5   | Noticed a five-headed hydra
 21959 | Lair:5   | Killed a five-headed hydra
 21960 | Lair:5   | Reached skill level 5 in Evocations
 22165 | Lair:5   | Found a large runed translucent door.
 22165 | Lair:5   | Found a large runed translucent door.
 22304 | Lair:5   | Reached skill level 1 in Shields
 22351 | Lair:5   | Reached XP level 13. HP: 69/103 MP: 13/13
 22406 | Lair:5   | Reached skill level 10 in Fighting
 22718 | Lair:5   | Found a blossoming altar of Fedhas.
 22989 | Lair:5   | Noticed Vig Uhad's ghost (journeyman OpTm)
 23951 | Lair:6   | Entered Level 6 of the Lair of Beasts
 23965 | Lair:6   | Found a viscous altar of Jiyva.
 23966 | Lair:6   | Found a staircase to the Slime Pits.
 24022 | Lair:6   | Noticed Snorg
 24138 | Lair:6   | Found a sacrificial altar of Ru.
 24936 | Lair:5   | Bought a dazzling hunting sling for 227 gold pieces
 24936 | Lair:5   | Identified the +10 hunting sling "Elaots" {freeze, Int+2
                  | SInv} (You bought it in a shop on level 5 of the Lair of
                  | Beasts)
 25864 | D:12     | Reached skill level 1 in Slings
 26185 | Lair:5   | Bought a runed eveningstar for 630 gold pieces
 27703 | D:13     | Found a gate to the Vaults.
 27703 | D:13     | Noticed Rupert
 27703 | D:13     | Noticed Nessos
 28316 | Orc:1    | Entered Level 1 of the Orcish Mines
 28730 | Orc:2    | Entered Level 2 of the Orcish Mines
 28772 | Orc:2    | Found a frozen archway.
 28997 | IceCv    | Entered an ice cave
 29082 | IceCv    | Gained mutation: You are immune to clouds of flame.
                  | [demonic ancestry]
 29082 | IceCv    | Reached XP level 14. HP: 111/111 MP: 14/14
 29786 | IceCv    | Reached skill level 10 in Dodging
 29811 | IceCv    | Noticed a frost giant
 29832 | IceCv    | Killed a frost giant
 29841 | IceCv    | Reached skill level 5 in Slings
 30138 | IceCv    | Got a buzzing helmet
 30139 | IceCv    | Identified the +0 helmet "Seechac" {rC+} (You found it in
                  | an ice cave)
 30795 | Orc:2    | Found a staircase to the Elven Halls.
 31011 | Orc:2    | HP: 5/113 [orc warrior/trident (16)]
 31013 | Orc:2    | Shot with an arrow by a centaur

Illustrated notes

Levels and vault maps discovered:
D:1:      tarquinn_simple_flora_water_f, layout_rooms
D:2:      layout_loops_ring
D:3:      layout_basic
D:4:      layout_gridville, minmay_temple_entry_butterflies
D:5:      layout_basic
D:6:      layout_loops_cross, nicolae_qazlal_style_of_elements,
          lightli_sewer_entry_pipes
D:7:      layout_loops_ring, serial_shops, shop, roderic_serpentine_path,
          kennysheep_generic_room_6, uniq_harold
D:8:      layout_basic
D:9:      layout_layer_cave, lair_entry_dummy
D:10:     layout_irregular_city, hiddenorc1_lemuel
D:11:     layout_roguey, st_stairs_14
D:12:     layout_irregular_city, nrook_loot_triangle, chequers_garden,
          moated_statue, minmay_more_statues
D:13:     cheibrodos_body_horror, layout_cave_pods, david_vaults_3,
          nicolae_straight_to_the_point
Temple:   compressed_dpeg_triangle_lava_temple
Lair:1:   layout_cave_pods, kennysheep_rathole, uniq_grum, uniq_gastronok,
          uniq_erica
Lair:2:   layout_layer_cave, basic_altar, lemuel_fruit_tree
Lair:3:   layout_chaotic_city, guppyfry_snake_entry_island
Lair:4:   layout_gridlike, minmay_shoals_entry_lonely_mermaid
Lair:5:   layout_loops_ring, ebering_ghost_disaster_area, basic_altar,
          lemuel_fruit_fields
Lair:6:   evil_forest, layout_hall_layers, slime_altar_1, serial_rivers,
          chequers_serial_rivers_micro_c, chequers_serial_rivers_room_b,
          chequers_serial_rivers_marsh, chequers_serial_rivers_large_b,
          basic_altar, nicolae_quartered_pool_medium, uniq_snorg
Orc:1:    layout_caves
Orc:2:    st_orc_rangers, layout_diamond_mine,
          portal_ice_cave_entry_animals_and_master, nicolae_orc_crystal_geode

Skill      XL: |  1  2  3  4  5  6  7  8  9 10 11 12 13 14 |
---------------+-------------------------------------------+-----
Maces & Flails | 2 3 4 5 6 7 9 10 11 12 | 12.6
Dodging        | 2 3 4 5 6 7 8 9 10 | 10.0
Armour         | 1 2 4 5 7 9 10 12 | 12.6
Throwing       | 1 2 3 4 5 |  5.0
Fighting       | 4 5 6 7 8 9 10 11 | 11.1
Evocations     | 2 5 6 |  6.2
Shields        | 1 4 |  4.8
Slings         | 3 5 |  5.3
Stealth        | |  4.5

Action                   |  1- 3 |  4- 6 |  7- 9 | 10-12 | 13-15 || total
-------------------------+-------+-------+-------+-------+-------++-------
Melee: Mace              |    89 |   211 |       |       |       ||   300
       Headbutt          |    11 |    25 |    84 |   212 |   122 ||   454
       Whip              |       |    25 |   500 |   939 |   243 ||  1707
       Eveningstar       |       |       |       |       |   253 ||   253
 Fire: Hunting sling     |       |       |       |       |   258 ||   258
Throw: Javelin           |       |     6 |       |     3 |       ||     9
       Boomerang         |       |     8 |    12 |    11 |     5 ||    36
       Stone             |       |     1 |       |       |       ||     1
       Dart              |       |       |    33 |   114 |       ||   147
       Throwing net      |       |       |       |     2 |       ||     2
Invok: Call Merchant     |       |       |       |       |     1 ||     1
       Potion Petition   |       |       |       |       |     1 ||     1
Evoke: Wand              |       |       |       |     6 |    18 ||    24
  Use: Potion            |     1 |     1 |     2 |     1 |     3 ||     8
       Scroll            |       |     4 |     4 |    12 |    11 ||    31
 Stab: Sleeping          |     1 |     9 |    12 |       |       ||    22
       Distracted        |       |     1 |       |     9 |     6 ||    16
       Held in net/web   |       |       |       |     2 |       ||     2
       Paralysed         |       |       |       |       |    10 ||    10
Armor: Leather armour    |    25 |    49 |    56 |       |       ||   130
       Plate armour      |       |       |    96 |   350 |   215 ||   661
Dodge: Dodged            |    78 |   159 |   249 |   342 |   113 ||   941
Block: Tower shield      |       |       |       |    34 |   337 ||   371
